General information
- name: BNet
- type: Ladder team game (AT/RT)
- host: Battle.net
- saver: AllSeeingEye
map: Deadlock
- players: 8
- length: 37:55
- speed: Fast
- version: 1.26 W3XP
- replay type: Public
» download(214 KB)
Players
team 1 (winner)
Cruzer6 (
blue | 28 APM | 365 actions | 13:10)
3 Tauren Chieftain
1 War Stomp
2 Endurance Aura
2 Shadow Hunter
1 Healing Wave
1 Hex
» actions
| Basic commands | 13 | |
| Build / train | 36 | |
| ESC pressed | 3 | |
| Enter build submenu | 19 | |
| Enter hero's abilities submenu | 5 | |
| Right click | 123 | |
| Select / deselect | 118 | |
| Use ability | 48 | |
365 total
» units
| Peon | 8 | |
| Grunt | 6 | |
| Shaman | 1 | |
| Troll Batrider | 2 | |
17 total
» upgrades
| Spiked Barricades | 1 | |
| Armor | 1 | |
| Berserker Strength | 1 | |
| Shaman Training | 2 | |
5 total
» buildings
| Altar of Storms | 1 | |
| Orc Burrow | 4 | |
| Barracks | 1 | |
| War Mill | 1 | |
| Voodoo Lounge | 1 | |
| Watch Tower | 4 | |
| Stronghold | 1 | |
| Spirit Lodge | 1 | |
| Fortress | 1 | |
| Great Hall | 1 | |
| Beastiary | 2 | |
| Tauren Totem | 1 | |
19 total
» build order
00:23 Altar of Storms
00:39 Orc Burrow
00:46 Barracks
01:10 War Mill
01:52 Orc Burrow
02:17 Voodoo Lounge
03:21 Watch Tower
03:47 Watch Tower
04:17 Orc Burrow
04:40 Stronghold
07:17 Spirit Lodge
07:48 Fortress
08:20 Orc Burrow
08:39 Great Hall
08:46 Watch Tower
09:06 Watch Tower
10:28 Beastiary
10:34 Tauren Totem
11:43 Beastiary
» items
| Lesser Clarity Potion | 1 | |
| Healing Salve | 1 | |
| Periapt of Vitality | 1 | |
| Scroll of Town Portal | 1 | |
| Scroll of Speed | 1 | |
5 total
dauqsktrkcahpam (
red | 100 APM | 3809 actions | 37:55)
10 Archmage
3 Summon Water Elemental
3 Brilliance Aura
1 Mass Teleport
3 Blizzard
» actions
| Assign group hotkey | 118 | |
| Basic commands | 231 | |
| Build / train | 167 | |
| ESC pressed | 1 | |
| Enter build submenu | 40 | |
| Enter hero's abilities submenu | 10 | |
| Give item / drop item | 14 | |
| Remove unit from queue | 1 | |
| Right click | 1334 | |
| Select / deselect | 445 | |
| Select group hotkey | 959 | |
| Use ability | 489 | |
3809 total
» units
| Peasant | 22 | |
| Footman | 6 | |
| Dragonhawk Rider | 6 | |
| Gryphon Rider | 4 | |
38 total
» upgrades
| Masonry | 3 | |
| Lumber Harvesting | 2 | |
| Swords | 3 | |
| Armor | 3 | |
| Animal War Training | 1 | |
| Storm Hammers | 1 | |
| Cloud | 1 | |
| Melee Weapons | 1 | |
| Ranged Weapons | 1 | |
| Plating | 1 | |
| Gunpowder | 1 | |
18 total
» buildings
| Altar of Kings | 1 | |
| Barracks | 1 | |
| Farm | 10 | |
| Arcane Vault | 1 | |
| Keep | 4 | |
| Scout Tower | 22 | |
| Arcane Tower | 6 | |
| Town Hall | 1 | |
| Lumber Mill | 1 | |
| Guard Tower | 37 | |
| Castle | 5 | |
| Gryphon Aviary | 4 | |
| Blacksmith | 1 | |
94 total
» build order
00:36 Altar of Kings
00:38 Barracks
00:51 Farm
01:07 Farm
01:36 Farm
02:22 Arcane Vault
02:33 Farm
05:27 Keep
05:27 Keep
05:27 Keep
05:29 Scout Tower
05:57 Arcane Tower
05:57 Arcane Tower
05:58 Arcane Tower
06:06 Town Hall
06:08 Scout Tower
06:09 Scout Tower
06:15 Scout Tower
06:20 Scout Tower
06:34 Lumber Mill
06:41 Arcane Tower
06:41 Arcane Tower
06:57 Scout Tower
06:59 Scout Tower
07:04 Guard Tower
07:05 Guard Tower
07:32 Guard Tower
08:03 Guard Tower
08:03 Castle
08:14 Scout Tower
08:17 Scout Tower
08:56 Castle
08:57 Castle
09:01 Scout Tower
09:02 Scout Tower
09:35 Guard Tower
09:35 Guard Tower
09:40 Guard Tower
09:40 Guard Tower
09:41 Guard Tower
10:23 Gryphon Aviary
10:25 Gryphon Aviary
10:42 Guard Tower
11:10 Blacksmith
11:42 Scout Tower
11:42 Scout Tower
11:43 Scout Tower
11:44 Scout Tower
11:47 Scout Tower
13:25 Farm
13:42 Guard Tower
13:42 Guard Tower
13:42 Guard Tower
15:22 Guard Tower
15:23 Guard Tower
15:23 Guard Tower
15:23 Guard Tower
15:53 Scout Tower
15:55 Scout Tower
16:04 Scout Tower
16:05 Scout Tower
16:06 Scout Tower
16:08 Scout Tower
16:11 Guard Tower
16:12 Guard Tower
16:30 Farm
16:32 Farm
18:11 Guard Tower
18:11 Guard Tower
21:08 Guard Tower
21:11 Guard Tower
21:11 Guard Tower
21:24 Guard Tower
24:42 Gryphon Aviary
24:43 Gryphon Aviary
24:45 Farm
26:04 Farm
26:05 Farm
» items
| Mechanical Critter | 6 | |
| Scroll of Regeneration | 9 | |
| Scroll of Town Portal | 3 | |
| Ivory Tower | 9 | |
| Potion of Healing | 3 | |
| Staff of Sanctuary | 1 | |
| Lesser Clarity Potion | 1 | |
32 total

»
funchico (
pink | 60 APM | 804 actions | 13:20)
1 Far Seer
1 Feral Spirit
» actions
| Assign group hotkey | 23 | |
| Build / train | 26 | |
| Enter build submenu | 21 | |
| Enter hero's abilities submenu | 2 | |
| Right click | 447 | |
| Select / deselect | 147 | |
| Select group hotkey | 109 | |
| Use ability | 29 | |
804 total
» units
» upgrades
» buildings
| Altar of Storms | 1 | |
| Orc Burrow | 9 | |
| Barracks | 1 | |
| War Mill | 1 | |
| Watch Tower | 3 | |
| Stronghold | 1 | |
| Voodoo Lounge | 2 | |
| Beastiary | 2 | |
| Fortress | 1 | |
21 total
» build order
00:06 Altar of Storms
00:10 Orc Burrow
00:35 Barracks
01:57 Orc Burrow
02:40 War Mill
03:56 Watch Tower
04:37 Orc Burrow
05:44 Stronghold
07:05 Voodoo Lounge
07:09 Voodoo Lounge
08:15 Orc Burrow
08:22 Beastiary
08:50 Orc Burrow
09:31 Beastiary
10:18 Fortress
12:22 Watch Tower
12:26 Watch Tower
13:04 Orc Burrow
13:08 Orc Burrow
13:12 Orc Burrow
13:15 Orc Burrow
» items
| Healing Salve | 1 | |
| Scroll of Town Portal | 1 | |
2 total

»
digao6969 (
orange | 29 APM | 1110 actions | 37:55)
2 Shadow Hunter
1 Hex
1 Healing Wave
» actions
| Assign group hotkey | 13 | |
| Basic commands | 2 | |
| Build / train | 114 | |
| Enter build submenu | 26 | |
| Enter hero's abilities submenu | 2 | |
| Right click | 431 | |
| Select / deselect | 260 | |
| Select group hotkey | 182 | |
| Use ability | 80 | |
1110 total
» units
| Peon | 51 | |
| Grunt | 6 | |
| Troll Headhunter/Berserker | 13 | |
| Shaman | 4 | |
| Wind Rider | 12 | |
86 total
» upgrades
| Melee Weapons | 1 | |
| Armor | 2 | |
| Ranged Weapons | 2 | |
| Berserker Upgrade | 1 | |
6 total
» buildings
| Altar of Storms | 1 | |
| Orc Burrow | 9 | |
| Barracks | 2 | |
| War Mill | 1 | |
| Watch Tower | 6 | |
| Voodoo Lounge | 1 | |
| Stronghold | 2 | |
| Great Hall | 2 | |
| Fortress | 1 | |
| Beastiary | 4 | |
29 total
» build order
00:48 Altar of Storms
00:53 Orc Burrow
01:12 Barracks
01:23 War Mill
01:31 Orc Burrow
02:35 Barracks
03:37 Watch Tower
03:38 Watch Tower
04:19 Orc Burrow
04:53 Watch Tower
05:19 Voodoo Lounge
05:22 Stronghold
05:56 Watch Tower
07:06 Great Hall
07:38 Watch Tower
09:00 Watch Tower
09:04 Orc Burrow
13:34 Fortress
14:27 Beastiary
14:31 Beastiary
15:17 Orc Burrow
21:28 Orc Burrow
21:47 Great Hall
22:02 Orc Burrow
22:05 Orc Burrow
24:28 Orc Burrow
27:32 Stronghold
28:23 Beastiary
28:53 Beastiary
» items
| Healing Salve | 1 | |
| Scroll of Speed | 4 | |
| Scroll of Town Portal | 8 | |
| Tiny Great Hall | 2 | |
| Orb of Lightning | 1 | |
16 total
team 2 (loser)
Battle-of-Troy (
yellow | 32 APM | 734 actions | 22:52)
6 Crypt Lord
3 Carrion Beetles
3 Spiked Carapace
4 Death Knight
2 Death Coil
1 Unholy Aura
1 Death Pact
» actions
| Build / train | 86 | |
| Enter build submenu | 23 | |
| Enter hero's abilities submenu | 13 | |
| Give item / drop item | 2 | |
| Remove unit from queue | 1 | |
| Right click | 348 | |
| Select / deselect | 203 | |
| Use ability | 58 | |
734 total
» units
| Acolyte | 13 | |
| Ghoul | 3 | |
| Crypt Fiend | 5 | |
| Frost Wyrm | 4 | |
| Gargoyle | 19 | |
44 total
» upgrades
| Creature Attack | 3 | |
| Creature Carapace | 3 | |
| Web | 1 | |
| Freezing Breath | 1 | |
8 total
» buildings
| Crypt | 1 | |
| Graveyard | 1 | |
| Ziggurat | 14 | |
| Altar of Darkness | 1 | |
| Tomb of Relics | 2 | |
| Nerubian Tower | 1 | |
| Spirit Tower | 4 | |
| Necropolis | 1 | |
| Halls of the Dead | 1 | |
| Black Citadel | 1 | |
| Sacrificial Pit | 1 | |
| Boneyard | 1 | |
29 total
» build order
00:15 Crypt
00:23 Graveyard
00:42 Ziggurat
01:00 Altar of Darkness
01:30 Ziggurat
01:57 Tomb of Relics
02:15 Nerubian Tower
02:51 Spirit Tower
05:14 Necropolis
05:22 Ziggurat
07:23 Halls of the Dead
08:06 Ziggurat
08:09 Ziggurat
08:11 Ziggurat
08:13 Ziggurat
08:17 Ziggurat
09:18 Spirit Tower
09:47 Black Citadel
10:44 Sacrificial Pit
11:14 Spirit Tower
11:27 Tomb of Relics
12:13 Boneyard
20:18 Ziggurat
21:40 Ziggurat
21:43 Ziggurat
21:48 Ziggurat
22:39 Spirit Tower
22:43 Ziggurat
22:46 Ziggurat
» items
| Rod of Necromancy | 1 | |
| Scroll of Town Portal | 4 | |
| Scroll of Healing | 2 | |
| Potion of Lesser Invulnerability | 1 | |
| Orb of Corruption | 2 | |
| Potion of Healing | 1 | |
| Potion of Mana | 1 | |
12 total
AllSeeingEye (
teal | 53 APM | 2008 actions | 37:55)
8 Archmage
3 Summon Water Elemental
3 Brilliance Aura
1 Mass Teleport
1 Blizzard
» actions
| Assign group hotkey | 187 | |
| Basic commands | 242 | |
| Build / train | 71 | |
| Enter build submenu | 45 | |
| Enter hero's abilities submenu | 8 | |
| Give item / drop item | 17 | |
| Right click | 551 | |
| Select / deselect | 446 | |
| Select group hotkey | 317 | |
| Use ability | 124 | |
2008 total
» units
| Peasant | 16 | |
| Footman | 4 | |
| Gryphon Rider | 7 | |
| Dragonhawk Rider | 2 | |
29 total
» upgrades
| Lumber Harvesting | 2 | |
| Swords | 3 | |
| Armor | 3 | |
| Storm Hammers | 1 | |
| Animal War Training | 1 | |
| Cloud | 1 | |
| Masonry | 3 | |
14 total
» buildings
| Altar of Kings | 1 | |
| Barracks | 1 | |
| Farm | 10 | |
| Scout Tower | 31 | |
| Arcane Tower | 1 | |
| Keep | 1 | |
| Town Hall | 2 | |
| Arcane Vault | 1 | |
| Lumber Mill | 2 | |
| Castle | 1 | |
| Gryphon Aviary | 4 | |
| Blacksmith | 2 | |
| Guard Tower | 9 | |
66 total
» build order
00:38 Altar of Kings
00:39 Barracks
00:50 Farm
00:51 Farm
01:05 Farm
01:43 Farm
02:17 Scout Tower
03:00 Arcane Tower
03:35 Keep
04:06 Town Hall
04:17 Arcane Vault
04:43 Lumber Mill
06:41 Castle
07:49 Gryphon Aviary
07:49 Gryphon Aviary
07:50 Gryphon Aviary
07:50 Gryphon Aviary
08:28 Farm
08:30 Blacksmith
08:33 Blacksmith
13:31 Scout Tower
13:32 Scout Tower
13:33 Scout Tower
13:34 Scout Tower
14:27 Guard Tower
14:58 Guard Tower
15:07 Farm
15:08 Farm
15:09 Farm
15:10 Farm
15:19 Lumber Mill
17:36 Scout Tower
17:36 Scout Tower
17:36 Scout Tower
17:36 Scout Tower
17:38 Scout Tower
17:38 Scout Tower
17:45 Scout Tower
17:45 Scout Tower
17:47 Scout Tower
17:49 Scout Tower
17:50 Scout Tower
17:51 Scout Tower
17:52 Scout Tower
17:52 Scout Tower
17:53 Scout Tower
18:33 Guard Tower
18:36 Guard Tower
19:05 Guard Tower
19:11 Farm
19:31 Guard Tower
20:28 Town Hall
21:00 Scout Tower
21:01 Scout Tower
21:01 Scout Tower
21:03 Scout Tower
21:06 Scout Tower
21:16 Scout Tower
21:16 Scout Tower
21:17 Scout Tower
21:17 Scout Tower
21:35 Guard Tower
21:37 Guard Tower
21:46 Scout Tower
21:53 Scout Tower
22:55 Guard Tower
» items
| Scroll of Regeneration | 3 | |
| Staff of Sanctuary | 1 | |
| Staff of Teleportation | 1 | |
| Periapt of Vitality | 2 | |
7 total

»
F-A-K-K-2 (
purple | 68 APM | 2596 actions | 37:55)
5 Tauren Chieftain
2 Shockwave
3 Endurance Aura
» actions
| Assign group hotkey | 36 | |
| Basic commands | 96 | |
| Build / train | 73 | |
| ESC pressed | 3 | |
| Enter build submenu | 32 | |
| Enter hero's abilities submenu | 5 | |
| Give item / drop item | 1 | |
| Right click | 1000 | |
| Select / deselect | 492 | |
| Select group hotkey | 725 | |
| Use ability | 132 | |
2596 total
» units
| Peon | 16 | |
| Grunt | 7 | |
| Razormane Medicine Man | 1 | |
| Shaman | 4 | |
| Kodo Beast | 2 | |
| Troll Batrider | 10 | |
40 total
» upgrades
| Armor | 3 | |
| Melee Weapons | 3 | |
| Berserker Strength | 1 | |
| Shaman Training | 2 | |
| Spiked Barricades | 1 | |
| War Drums Damage Increase | 1 | |
| Pillage | 1 | |
| Liquid Fire | 1 | |
| Ranged Weapons | 1 | |
14 total
» buildings
| Orc Burrow | 15 | |
| Altar of Storms | 1 | |
| Barracks | 1 | |
| War Mill | 1 | |
| Voodoo Lounge | 5 | |
| Stronghold | 1 | |
| Watch Tower | 2 | |
| Spirit Lodge | 1 | |
| Beastiary | 3 | |
| Great Hall | 1 | |
| Fortress | 1 | |
32 total
» build order
00:35 Orc Burrow
01:05 Altar of Storms
01:11 Barracks
01:52 Orc Burrow
02:19 War Mill
03:21 Orc Burrow
03:54 Voodoo Lounge
03:56 Voodoo Lounge
04:50 Stronghold
05:06 Watch Tower
05:08 Watch Tower
06:52 Orc Burrow
06:55 Orc Burrow
07:19 Spirit Lodge
07:24 Beastiary
09:03 Voodoo Lounge
09:05 Voodoo Lounge
11:52 Great Hall
11:53 Fortress
18:19 Orc Burrow
18:24 Orc Burrow
19:01 Orc Burrow
19:01 Orc Burrow
19:02 Orc Burrow
19:25 Orc Burrow
19:26 Orc Burrow
20:32 Voodoo Lounge
20:59 Beastiary
21:00 Beastiary
21:53 Orc Burrow
23:28 Orc Burrow
26:14 Orc Burrow
» items
| Healing Salve | 2 | |
| Lesser Clarity Potion | 1 | |
| Scroll of Speed | 1 | |
| Scroll of Protection | 3 | |
| Scroll of Town Portal | 2 | |
| Boots of Speed | 1 | |
| Potion of Healing | 1 | |
11 total

»
JigaBoo (
green | 25 APM | 880 actions | 35:00)
5 Blademaster
3 Wind Walk
2 Critical Strike
4 Shadow Hunter
2 Healing Wave
2 Serpent Ward
» actions
| Build / train | 46 | |
| Enter build submenu | 24 | |
| Enter hero's abilities submenu | 9 | |
| Right click | 474 | |
| Select / deselect | 280 | |
| Use ability | 47 | |
880 total
» units
» upgrades
| Ranged Weapons | 2 | |
| Armor | 2 | |
| Spiked Barricades | 1 | |
| Envenomed Spears | 1 | |
6 total
» buildings
| Altar of Storms | 1 | |
| Orc Burrow | 11 | |
| Voodoo Lounge | 1 | |
| War Mill | 1 | |
| Stronghold | 1 | |
| Watch Tower | 5 | |
| Beastiary | 2 | |
| Fortress | 1 | |
23 total
» build order
00:23 Altar of Storms
00:27 Orc Burrow
01:18 Orc Burrow
02:12 Voodoo Lounge
02:35 War Mill
02:47 Stronghold
03:58 Watch Tower
04:02 Watch Tower
04:55 Watch Tower
05:00 Watch Tower
05:52 Beastiary
05:58 Beastiary
06:32 Orc Burrow
06:34 Orc Burrow
07:34 Watch Tower
08:22 Orc Burrow
13:50 Orc Burrow
19:20 Fortress
19:25 Orc Burrow
20:45 Orc Burrow
20:54 Orc Burrow
20:58 Orc Burrow
22:16 Orc Burrow
» items
| Healing Salve | 1 | |
| Scroll of Town Portal | 2 | |
3 total
Chat log
(00:22 / All) F-A-K-K-2: sup cruzer
(00:30 / All) Cruzer6: hey man
(01:08 / Allies) JigaBoo: guys ima tech
(01:13 / Allies) F-A-K-K-2: k
(01:27 / Allies) JigaBoo: whats everyone gettin
(01:39 / Allies) Battle-of-Troy: fiends to frost
(01:47 / Allies) F-A-K-K-2: guess melee
(01:50 / Allies) JigaBoo: nice
(03:38 / Allies) JigaBoo: 2 orcs so far
(04:21 / Allies) JigaBoo: 3
(05:22 / Allies) AllSeeingEye: tp
(05:32 / All) dauqsktrkcahpam: moron level 1 harasser
(05:43 / All) JigaBoo: you tpd
(05:53 / All) dauqsktrkcahpam: since I saw your blademaster
(06:01 / All) JigaBoo: puzzy
(06:50 / Allies) JigaBoo: anyone spare wood
(07:01 / Allies) JigaBoo: ty
(09:29 / Allies) JigaBoo: lets hit
(09:31 / Allies) AllSeeingEye: lumber
(09:34 / Allies) JigaBoo: they have no aa
(09:45 / Allies) JigaBoo: move
(10:23 / Allies) AllSeeingEye: lumber/
(10:37 / Allies) Battle-of-Troy: i need tp first
(11:53 / Allies) JigaBoo: gold
(11:53 / All) AllSeeingEye: good one lol
(11:55 / Allies) JigaBoo: for tp?
(12:13 / Allies) JigaBoo: ty
(12:44 / Allies) JigaBoo: comin purp
(14:09 / Allies) AllSeeingEye: lumber?
(14:11 / All) dauqsktrkcahpam: total BS you can't staff webbed units
(14:20 / All) JigaBoo: noob
(14:24 / All) dauqsktrkcahpam: loser
(14:28 / All) JigaBoo: i won
(14:30 / Allies) AllSeeingEye: lumbeR?
(14:33 / All) dauqsktrkcahpam: you lost
(14:53 / All) dauqsktrkcahpam: free crypt lord?
(14:55 / All) dauqsktrkcahpam: what the fuck was that
(14:57 / All) F-A-K-K-2: that damn staff is unfair anyway
(15:06 / All) Battle-of-Troy: bug
(15:13 / All) dauqsktrkcahpam: oh
(15:16 / All) dauqsktrkcahpam: that bug is stupid
(15:50 / All) AllSeeingEye: there are bugs that I've noticed for over 10 years
(15:54 / All) AllSeeingEye: like units randomly stopping
(15:57 / All) AllSeeingEye: not taking orders
(16:02 / All) AllSeeingEye: hero being unresponsive
(16:07 / All) Battle-of-Troy: yep
(16:10 / All) F-A-K-K-2: i thought those were potential hacks
(16:14 / All) AllSeeingEye: having multiple peons selected and one of them queues up buildings without shift
(16:28 / All) AllSeeingEye: just bliz not giving a shit since 2006
(17:39 / All) JigaBoo: bitch
(17:54 / All) dauqsktrkcahpam: that's not me you're killing
(18:01 / All) dauqsktrkcahpam: you won't kill me, you're beneath me
(18:36 / Allies) AllSeeingEye: lumber/
(18:53 / Allies) F-A-K-K-2: green can help kill this nigger?
(19:03 / All) dauqsktrkcahpam: wrong chat moron
(20:10 / All) dauqsktrkcahpam: can't easily tp to critterso n this map because they are all fucking pigs
(20:19 / Allies) AllSeeingEye: lumber?
(21:11 / Allies) JigaBoo: lets hit red
(22:42 / Allies) F-A-K-K-2: lol who was trying to tp to my hero?
(22:47 / Allies) F-A-K-K-2: you just killed him
(22:52 / All) dauqsktrkcahpam: d
(23:44 / All) dauqsktrkcahpam: lol
(23:45 / All) dauqsktrkcahpam: you lose
(23:46 / All) dauqsktrkcahpam: loser
(23:57 / Allies) JigaBoo: wtf
(24:20 / Allies) JigaBoo: move
(24:45 / Allies) JigaBoo: teal
(24:46 / Allies) JigaBoo: wtf
(24:56 / All) dauqsktrkcahpam: Green you suck dick
(25:01 / All) dauqsktrkcahpam: you are horrible
(25:04 / All) dauqsktrkcahpam: you just got 1v4ed
(25:09 / All) JigaBoo: woops
(25:34 / Allies) JigaBoo: ?! ok
(25:44 / All) dauqsktrkcahpam: lol
(25:46 / All) AllSeeingEye: JIGABOO JIGABOO WHERE ARE YOU?
(25:52 / All) AllSeeingEye: IM HERE ON THE WOODPILE WATCHING U!
(25:56 / All) AllSeeingEye: COME DOWN,
(25:56 / Allies) AllSeeingEye: |
(25:57 / All) AllSeeingEye: NO
(26:05 / All) AllSeeingEye: SIR IMMA SCARED OF THE WHITE MAN WAY DOWN SOUTH
(26:13 / All) AllSeeingEye: YOU KNOW IT CUZ I SHOW LIKE A BARN YARD ROOSTER I CROW IT
(26:18 / All) AllSeeingEye: AND THE N DOUBLE A CP
(26:24 / All) AllSeeingEye: WOULD SURE LIKE TO GET AHOLD OF NIGGER HATIN ME!
(26:26 / All) dauqsktrkcahpam: Green, you are nothing but free XP to me
(26:28 / All) dauqsktrkcahpam: You are beneath me
(26:37 / All) JigaBoo: woops
(27:13 / Allies) JigaBoo: wow lol
(27:29 / All) JigaBoo: lol
(27:57 / All) dauqsktrkcahpam: nice try
(28:34 / Allies) JigaBoo: aint that some shit
(29:07 / Allies) AllSeeingEye: naughty naughty
(29:19 / All) F-A-K-K-2: teal: naughty naughty
(29:46 / All) AllSeeingEye: that's a bad boy attacking my towers!
(29:50 / All) AllSeeingEye: You gotta be punished
(29:58 / All) AllSeeingEye: You're in permanent time out
(30:09 / All) dauqsktrkcahpam: Orange is a worthless noob
(30:16 / All) dauqsktrkcahpam: who thinks he is better than he is at the game
(30:19 / All) AllSeeingEye: he's a brazilian
(30:21 / All) AllSeeingEye: nuff said
(31:48 / All) dauqsktrkcahpam: A little too late to confirm I'm pro, orange
(31:54 / All) dauqsktrkcahpam: You said I was noob earlier, you can't take it back
(32:43 / All) digao6969: red is fuck noob tk
(32:45 / All) digao6969: team
(32:55 / All) digao6969: noob lvl 1
(32:57 / All) JigaBoo: red is ass
(33:04 / All) dauqsktrkcahpam: I raped your ass green
(33:09 / All) digao6969: he is looser
(33:15 / All) AllSeeingEye: brazilians should be nuked
(33:17 / All) dauqsktrkcahpam: orange is 546-586 piece of shit
(33:22 / All) dauqsktrkcahpam: green is 38-37 trash
(33:33 / All) AllSeeingEye: the great peon massacre
(33:35 / All) JigaBoo: woops
(33:40 / All) dauqsktrkcahpam: he's hiding one
(33:42 / All) dauqsktrkcahpam: trying to
(33:42 / All) dauqsktrkcahpam: lol
(33:47 / All) dauqsktrkcahpam: read my name backwards morons
(33:53 / All) AllSeeingEye: can't run from the all seeing eye
(34:00 / All) digao6969: teal kill red noob
(34:33 / All) dauqsktrkcahpam: OK pals, listen up, here's the plan
(34:36 / All) digao6969: hahaha he is tk he
(34:39 / All) digao6969: terrible
(34:40 / All) dauqsktrkcahpam: we are going to kill everything including our own units
(34:45 / All) dauqsktrkcahpam: you will not be able to finish each other off
(34:47 / All) dauqsktrkcahpam: the best internet will win
(34:48 / All) digao6969: good loser
(34:54 / All) dauqsktrkcahpam: you can leave your pcs on all day and night for the win
(34:55 / All) dauqsktrkcahpam: sound fair?
(35:05 / All) digao6969: leave now bastrd
(35:17 / All) AllSeeingEye: orange is a hotheaded latina
(35:25 / All) AllSeeingEye: back that ass up baby
(35:25 / All) dauqsktrkcahpam: Purple and orange
(35:31 / All) dauqsktrkcahpam: Will you leave your computers on all night for the win?
(35:32 / All) digao6969: he is destrwer base
(35:40 / All) AllSeeingEye: you don't say
(35:43 / All) F-A-K-K-2: ya
(35:44 / All) digao6969: kill he teal
(36:11 / All) digao6969: teal noob tk too
(36:14 / All) digao6969: terrible
(36:15 / All) AllSeeingEye: Wow
(36:19 / All) AllSeeingEye: You are so very observant!
(36:38 / All) digao6969: unistall noob
(37:32 / All) digao6969: red noob loser
(37:47 / All) dauqsktrkcahpam: you have more losses than I have games of wc3 played
(37:49 / All) AllSeeingEye: See ya around, gents!
(37:54 / All) dauqsktrkcahpam: Good luck everyone